 Dungeon Crawl Stone Soup version 0.17-a0-1533-g2f57bce (webtiles) character file.

72 DakoDarkAxe the Twirler (level 4, 0/34 HPs)
             Began as a Demonspawn Gladiator on July 17, 2015.
             Was an Initiate of Kikubaaqudgha.
             Succumbed to a worker ant's poison
             ... on level 4 of the Dungeon.
             The game lasted 00:04:07 (975 turns).

DakoDarkAxe the Twirler (Demonspawn Gladiator)       Turns: 975, Time: 00:04:07

Health: 0/34       AC: 10    Str: 15    XL:     4   Next: 6%
Magic:  4/4        EV: 12    Int:  9    God:    Kikubaaqudgha [......]
Gold:   128        SH:  0    Dex: 14    Spells: 0 memorised, 3 levels left

rFire  . . .     SeeInvis .     a - +0 quarterstaff
rCold  . . .     Clarity  .     h - +0 ring mail
rNeg   + . .     SustAt   .     (no shield)
rPois  .         Gourm    .     c - +0 helmet
rElec  .         Spirit   .     (no cloak)
rCorr  .         Warding  .     (no gloves)
rMut   .         Stasis   .     (no boots)
MR     .....                    (no amulet)
Stlth  +.........               (no ring)
                                l - ring of positive energy

@: lethally poisoned (0 -> -20), not resistant to hostile enchantments, very
unstealthy
A: claws 1, rough black scales 1
a: Renounce Religion


You were on level 4 of the Dungeon.
You worshipped Kikubaaqudgha.
Kikubaaqudgha was noncommittal.
You were not hungry.

You visited 1 branch of the dungeon, and saw 4 of its levels.

You collected 128 gold pieces.

Inventory:

Hand weapons
 a - a +0 quarterstaff (weapon)
Missiles
 d - 4 throwing nets (quivered)
 i - 35 stones
Armour
 c - a +0 helmet (worn)
 h - a +0 ring mail (worn)
Jewellery
 l - a ring of positive energy (left claw)
Magical devices
 p - a wand of lightning (5)
Scrolls
 b - a scroll of teleportation {unknown}
 k - a scroll of recharging {unknown}
 m - a scroll of remove curse {unknown}
Potions
 f - a potion of resistance {unknown}
 n - a potion of haste {unknown}
 o - a potion of lignification {unknown}
 q - a potion of curing {unknown}
Comestibles
 e - 2 bread rations
 g - a beef jerky
 j - a meat ration


   Skills:
 + Level 2.5 Fighting
 + Level 3.3 Staves
 + Level 2.0 Throwing
 + Level 0.8 Armour
 + Level 3.3 Dodging


You had 3 spell levels left.
You didn't know any spells.

Dungeon Overview and Level Annotations

Branches:
Dungeon (4/15)
 Temple: D:4-7

Altars:
Kikubaaqudgha


Innate Abilities, Weirdness & Mutations

You have sharp fingernails.
You are partially covered in rough black scales (AC +4, Dex -1).


Message History

You feel sick.
The worker ant bites you but does no damage.
You closely miss the worker ant.
The worker ant is severely wounded.
* * * LOW HITPOINT WARNING * * *
You feel very sick. The worker ant bites you.
* * * LOW HITPOINT WARNING * * *
You hit the worker ant.
You kill the worker ant!
Kikubaaqudgha accepts your kill.
You have reached level 4!
You feel agile.
Your life force feels restored.
* * * LOW HITPOINT WARNING * * *
You feel sick.
You hit the goblin.
The goblin is almost dead.
You die...
Kikubaaqudgha rasps: "You have failed me!
Welcome... death!"

#. .# #.# #.# [ #..
..# .. ##.##.## ...
#......# ....
###..### ....w
#......###
.....g##.##.##.###.#
#..Sg@.##........#
##########.####..#
#.# .. #.# .# .K
##.##.##...
######..........
..(.........####
####.....####
###......##.##


You could see a worm, 2 goblins and a ball python.

Vanquished Creatures
  A worker ant (D:4)
  An ooze (D:2)
  3 worms
  An orc (D:3)
  3 bats
  6 hobgoblins
  A ball python (D:1)
  3 giant cockroaches
  2 goblins (D:1)
  8 kobolds
  6 rats
35 creatures vanquished.

Notes
Turn   | Place    | Note
--------------------------------------------------------------
     0 | D:1      | DakoDarkAxe the Demonspawn Gladiator began the quest for the Orb.
     0 | D:1      | Reached XP level 1. HP: 16/16 MP: 1/1
   168 | D:1      | Gained mutation: You have sharp fingernails. [demonic ancestry]
   168 | D:1      | Reached XP level 2. HP: 22/22 MP: 2/2
   431 | D:2      | Reached skill level 3 in Staves
   575 | D:2      | Found an ancient bone altar of Kikubaaqudgha.
   583 | D:2      | Became a worshipper of Kikubaaqudgha
   634 | D:2      | Gained mutation: You are partially covered in rough black scales (AC +4, Dex -1). [demonic ancestry]
   634 | D:2      | Reached XP level 3. HP: 24/28 MP: 3/3
   974 | D:4      | Reached XP level 4. HP: 3/34 MP: 4/4
   975 | D:4      | Succumbed to a worker ant's poison

Vault maps used:
D:1:      dpeg_arrival_sounds_slurp, hex_medium
D:2:      nicolae_overflow_crystal_walls, first_bread
D:4:      minmay_misc_feat_alley

Action                   |  1- 3 |  4- 6 || total
-------------------------+-------+-------++-------
Melee: Quarterstaff      |   103 |     1 ||   104
Throw: Throwing net      |     6 |       ||     6
 Stab: Held in net/web   |     1 |       ||     1
  Eat: Beef jerky        |     1 |       ||     1
